 Dungeon Crawl Stone Soup version 0.31-a0-692-gf03d1854d5 (webtiles) character file.

Game seed: 11751177166216468964

55 qw the Shooter (level 3, -8/23 HPs)
             Began as a Gargoyle Hunter on Sept 6, 2023.
             Mangled by Sigmund
             ... wielding a +0 scythe
              (9 damage)
             ... on level 2 of the Dungeon.
             The game lasted 00:00:30 (967 turns).

qw the Shooter (Gargoyle Hunter)                     Turns: 967, Time: 00:00:30

Health: -8/23      AC:  6    Str: 14    XL:     3   Next: 93%
Magic:  3/3        EV: 11    Int:  9    God:
Gold:   164        SH:  0    Dex: 15    Spells: 2/2 levels left

rFire   . . .        Y - +0 shortbow
rCold   . . .        (shield currently unavailable)
rNeg    + . .        c - +0 leather armour
rPois   inf          (no helmet)
rElec   +            (no cloak)
rCorr   .            (no gloves)
SInv    .            (no boots)
Will    .....        (no amulet)
Stlth   ++           (no ring)
HPRegen 0.23/turn    (no ring)
MPRegen 0.08/turn

%: no passive effects
@: about to teleport
A: sickness immunity, AC +3, negative energy resistance 1, electricity
resistance, torment resistance 1, petrification resistance
a: no special abilities


You were on level 2 of the Dungeon.
You visited 1 branch of the dungeon, and saw 2 of its levels.

You collected 164 gold pieces.


Innate Abilities, Weirdness & Mutations

You are immune to sickness and miasma.
Your stone body is resilient. (AC +3)
You are immune to poison.
You resist negative energy. (rN+)
You are resistant to electric shocks. (rElec)
You are resistant to unholy torment.
You are immune to petrification.


   Skills:
 - Level 3.0 Fighting
 + Level 5.1 Ranged Weapons
 - Level 1.5 Dodging
 - Level 1.1 Stealth


You had 2 spell levels left.
You didn't know any spells.
Your spell library was empty.

Inventory:

Hand Weapons
 Y - a +0 shortbow (weapon)
Armour
 c - a +0 leather armour (worn)
Scrolls
 a - a scroll of teleportation
 b - a scroll of poison {unknown}
 e - a scroll of enchant weapon {unknown}
Potions
 d - a potion of might {unknown}
 g - a potion of enlightenment {unknown}

Dungeon Overview and Level Annotations

Branches:
Dungeon (2/15)

Altars:

Annotations:
D:2 Sigmund


Message History

You shoot an arrow. The arrow hits the bat.
You kill the bat!
You see here a bat corpse.
Found a Trismegistus Codex.
A ball python comes into view.
Found a scroll of teleportation.
You shoot an arrow.
The arrow hits the ball python but does no damage.
You shoot an arrow.
The arrow barely misses the ball python.
You shoot an arrow. The arrow hits the ball python.
The ball python is moderately wounded.
You shoot an arrow. The arrow hits the ball python!
You kill the ball python!
a - 2 scrolls of teleportation (gained 1)
Found 6 stones.
Sigmund the Dreaded comes into view.
He is wielding a +0 scythe.
You shoot an arrow. The arrow hits Sigmund.
Sigmund is moderately wounded.
Sigmund gestures at you while chanting. The puff of flame hits you.
You shoot an arrow. The arrow hits Sigmund.
Sigmund is moderately wounded.
Sigmund points at you and mumbles some strange words.
The magic dart hits you.
You shoot an arrow. The arrow closely misses Sigmund.
Sigmund closely misses you.
You shoot an arrow. The arrow barely misses Sigmund.
Sigmund gestures at you while chanting. The magic dart hits you.
You shoot an arrow. The arrow barely misses Sigmund.
Sigmund hits you from afar with a +0 scythe!
966 ||| READING 2 scrolls of teleportation.
As you read the scroll of teleportation, it crumbles to dust.
You feel strangely unstable. Sigmund closely misses you.
You shoot an arrow. The arrow completely misses Sigmund.
Sigmund hits you from afar with a +0 scythe!
You die...
Sigmund begins carving another notch in his scythe.

#..#.#####.. ######.#
#..#.#...#. #....#.#
#..#.#.#.#.. #....#'##
#..#.#.#.#..##........
#..#...#.#..##........
#..#####.#:...........
#........#............
##.#####.#......######
#.#.@.#.#...%........
#.#.#(#.#......#.....
#.#.#@#.#%.....+.....
#.#.#...#..#'###.....
#.#.#####..#...+.....
#.#........#.###.....
#.#.#####..### ####..
#.#.#...#.+########..
#.#.#.#.#........%...


You could see Sigmund.

Vanquished Creatures
  A dart slug (D:1)
  7 bats
  6 endoplasms
  5 giant cockroaches
  5 goblins (D:1)
  5 hobgoblins
  4 jackals (D:1)
  A kobold (D:2)
  5 ball pythons
  4 frilled lizards (D:1)
  3 rats
46 creatures vanquished.

Notes
Turn   | Place    | Note
-------+----------+-------------------------------------------
     0 | D:1      | qw the Gargoyle Hunter began the quest for the Orb.
     0 | D:1      | Reached XP level 1. HP: 12/12 MP: 1/1
     0 | D:1      | 0 ||| qw: Version: 0.3-a-76-g4403597
     0 | D:1      | 0 ||| qw: Game counter: 232
     0 | D:1      | 0 ||| qw: Melee chars always use a shield: true
     0 | D:1      | 0 ||| qw: God list: Okawaru
     0 | D:1      | 0 ||| qw: Allow faded altars: false
     0 | D:1      | 0 ||| qw: Do Orc after clearing Dungeon:15 true
     0 | D:1      | 0 ||| qw: Do second Lair branch before Depths: true
     0 | D:1      | 0 ||| qw: Lair rune preference: random
     0 | D:1      | 0 ||| qw: Goals: Normal
     0 | D:1      | 0 ||| PLANNING D:1-11
    59 | D:1      | Reached XP level 2. HP: 11/17 MP: 2/2
   281 | D:1      | 281 ||| Stepping ~*~*~tactically~*~*~ (retreating).
   283 | D:1      | Reached XP level 3. HP: 19/21 MP: 3/3
   287 | D:1      | Reached skill level 5 in Ranged Weapons
   724 | D:1      | 724 ||| READING scroll labelled ORAFAF APTETRI.
   725 | D:1      | 725 ||| READING scroll labelled AXOEN IRANLE.
   726 | D:1      | 726 ||| READING scroll labelled VOGOR HU ZUQ.
   727 | D:1      | 727 ||| READING scroll labelled QAQIOT ELOLENNO.
   730 | D:1      | 730 ||| DROPPING scroll of butterflies.
   814 | D:2      | Reached skill level 3 in Fighting
   960 | D:2      | Noticed Sigmund
   965 | D:2      | HP: 1/23 [Sigmund/+0 scythe (10)]
   966 | D:2      | 966 ||| READING 2 scrolls of teleportation.
   967 | D:2      | Mangled by Sigmund

Levels and vault maps discovered:
D:1:      noname_arrival_rooms_in_the_neighbourhood, layout_basic
D:2:      kennysheep_the_goblin_king, layout_basic, roderic_lattice_a,
          uniq_sigmund

Skill      XL: |  1  2  3 |
---------------+----------+-----
Ranged Weapons | 5 |  5.1
Fighting       | 3 |  3.0
Dodging        | |  1.5
Stealth        | |  1.1

Action                     || total
---------------------------++-------
   Fire: Shortbow          ||   140
    Use: Scroll            ||     5
 Armour: Leather armour    ||    58
  Dodge: Dodged            ||    64

Table legend:
 A = Non-vault XP
 B = Vault XP
 C = Vault XP percentage of total XP
 D = Non-vault monster count
 E = Vault monster count
 F = Vault count percentage of total count
                 A         B        C        D         E       F
            +---------+---------+-------+---------+---------+-------
      Total |      79 |       0 |   0.0 |      46 |       0 |   0.0
            +---------+---------+-------+---------+---------+-------
        D:1 |      58 |       0 |   0.0 |      34 |       0 |   0.0
        D:2 |      21 |       0 |   0.0 |      12 |       0 |   0.0
            +---------+---------+-------+---------+---------+-------
